 Dungeon Crawl Stone Soup version 0.32-a0-871-ge202e49faa (webtiles) character file.

Game seed: 650916994390835259

67 Autsider the Ruffian (level 4, -2/44 HPs)
             Began as a Troll Fighter on Mar 29, 2024.
             Slain by a hobgoblin (3 damage)
             ... on level 2 of the Dungeon.
             The game lasted 00:01:52 (1368 turns).

Autsider the Ruffian (Troll Fighter)                Turns: 1368, Time: 00:01:53

Health: -2/44      AC:  5    Str: 24    XL:     4   Next: 0%
Magic:  3/3        EV:  8    Int:  4    God:
Gold:   119        SH:  8    Dex: 11    Spells: 3/3 levels left

rFire   . .          .
                       - Unarmed
rCold   . . .        b - +0 kite shield
rNeg    . . .        a - +0 robe
rPois   .            (helmet restricted)
rElec   .            e - +0 cloak
rCorr   .            (gloves unavailable)
SInv    .            (boots unavailable)
Will    .....        (no amulet)
Stlth   +            (no ring)
HPRegen 1.07/turn    (no ring)
MPRegen 0.08/turn

%: no passive effects
@: no status effects
A: large, unfitting armour, claws 3, regeneration 1, shaggy fur 1, tough skin 1
a: no special abilities


You were on level 2 of the Dungeon.
You visited 1 branch of the dungeon, and saw 3 of its levels.

You collected 119 gold pieces.

Inventory:

Armour
 a - a +0 robe (worn)
 b - a +0 kite shield (worn)
 e - a +0 cloak (worn)
Scrolls
 d - a scroll of blinking {unknown}
 f - a scroll of amnesia {unknown}
 g - a scroll of immolation {unknown}
 h - a scroll of identify {unknown}
Potions
 c - a potion of might


   Skills:
 + Level 2.8 Fighting
 + Level 2.8 Dodging
 + Level 3.1 Shields
 * Level 3.1 Unarmed Combat


You had 3 spell levels left.
You didn't know any spells.
Your spell library contained the following spells:

 Spells                   Type           Power      Damage    Failure   Level
 Freeze                   Ice            0%         1d3       77%         1
 Sandblast                Erth           0%         2d4       77%         1
 Frozen Ramparts          Ice            0%         1d1       98%         3
 Hailstorm                Conj/Ice       0%         3d5       98%         3
 Stone Arrow              Conj/Erth      0%         3d7       98%         3
 Brom's Barrelling Bould  Conj/Erth      0%         2d3       100%        4


Dungeon Overview and Level Annotations

Branches:
Dungeon (3/15)

Altars:


Innate Abilities, Weirdness & Mutations

You are too large for most types of armour.
You have claws for hands.
Your natural rate of healing is unusually fast.
You are covered in fur. (AC +1)
You have tough skin. (AC +1)


Message History

A kobold comes into view. It is wielding a +0 dagger.
You claw the orc!
You kill the orc!
You claw the kobold!
You kill the kobold!
The gnoll hits you from afar with a +0 spear!
The hobgoblin hits you.
You have reached level 4!
You barely miss the gnoll. The hobgoblin barely misses you.
You block the gnoll's attack. x2
You claw the gnoll!
The gnoll is severely wounded.
The hobgoblin barely misses you. The hobgoblin hits you.
You block the gnoll's attack. The gnoll hits you with a +0 club.
You are too injured to fight recklessly!
You scratch the gnoll.
The gnoll is severely wounded.
The hobgoblin hits you. The hobgoblin closely misses you.
You block the gnoll's attack. x2
You closely miss the gnoll.
The gnoll is severely wounded.
The hobgoblin hits you but does no damage.
The gnoll barely misses you. You block the gnoll's attack.
The gnoll hits you with a +0 club. The gnoll barely misses you.
You block the hobgoblin's attack. You block the hobgoblin's attack.
The gnoll hits you from afar with a +0 spear.
The gnoll hits you with a +0 flail.
* * * LOW HITPOINT WARNING * * *
You block the gnoll's attack.
The gnoll hits you from afar with a +0 spear!
* * * LOW HITPOINT WARNING * * *
The hobgoblin hits you.
* * * LOW HITPOINT WARNING * * *
You climb upwards.
There is a stone staircase leading down here.
You scratch the gnoll but do no damage. The gnoll hits you with a +0 flail!
* * * LOW HITPOINT WARNING * * *
The hobgoblin hits you.
You die...

#.##.###.# #.# ##...# #
#.##.###.# #.## ##..... ##
#......#.# #..## ##......
.####.......#######...####.......
.'.......................'....>..
.####.......####.##....###.......
## #..##.#.# #g##..#.# ##...... #
#.###.#.# #g##.##.# ##.....
#.###.#.# #@##.##.# ##...#
#.......# #g##.##.# ##+##
#####.### #g<.....# #.# #.#
####.#### #.# #.# #.# ##.##
#########.# #.#########....
..........# #..............
########### #########.#<..#
#.#.#.##


You could see 2 gnolls and 2 hobgoblins.

Vanquished Creatures
  4 adders (D:2)
  A ribbon worm (D:2)
  An orc (D:3)
  3 bats
  2 endoplasms
  4 giant cockroaches
  A hobgoblin (D:2)
  3 jackals (D:1)
  A quokka (D:1)
  A ball python (D:2)
  A frilled lizard (D:1)
  2 goblins
  A kobold (D:3)
  5 rats
30 creatures vanquished.

Notes
Turn   | Place    | Note
-------+----------+-------------------------------------------
     0 | D:1      | Autsider the Troll Fighter began the quest for the Orb.
     0 | D:1      | Reached XP level 1. HP: 22/22 MP: 0/0
   214 | D:1      | Reached XP level 2. HP: 29/29 MP: 1/1
   624 | D:2      | Reached XP level 3. HP: 36/36 MP: 2/2
  1362 | D:3      | Reached XP level 4. HP: 31/44 MP: 3/3
  1368 | D:2      | HP: 1/44 [gnoll/+0 flail (9)]
  1368 | D:2      | Slain by a hobgoblin

Illustrated notes

Levels and vault maps discovered:
D:1:      dpeg_arrival_rhombus, layout_loops_cross, minivault_4
D:2:      layout_loops_corners
D:3:      layout_rooms, uniq_jessica, uniq_grinder, uniq_ijyb, uniq_sigmund

Skill      XL: |  1  2  3 |
---------------+----------+-----
Shields        | 3 |  3.1
Unarmed Combat | 3 |  3.1
Fighting       | |  2.8
Dodging        | |  2.8

Action                     |  1- 3 |  4- 6 || total
---------------------------+-------+-------++-------
  Melee: Unarmed           |    67 |     5 ||    72
   Stab: Sleeping          |     1 |       ||     1
 Armour: Robe              |    23 |    11 ||    34
  Dodge: Dodged            |    20 |     5 ||    25
  Block: Kite shield       |    19 |     9 ||    28

Table legend: (Time is in decaauts)
 A = Elapsed time spent in this place.
 B = Non-inter-level travel time spent in this place.
 C = Inter-level travel time spent in this place.
 D = Time resting spent in this place.
 E = Time spent auto-exploring this place.
 F = Levels seen in this place.
 G = Mean time per level.
                   A        B        C        D        E       F      G
               +--------+--------+--------+--------+--------+-----+--------+
         Total |   1372 |   1321 |     51 |      0 |   1136 |   3 |  457.3 |
       Dungeon |   1372 |   1321 |     51 |      0 |   1136 |   3 |  457.3 |
               +--------+--------+--------+--------+--------+-----+--------+

Top non-repeatable levels by time:
     D:2: 757 daAuts
     D:1: 604 daAuts
     D:3: 10 daAuts
